AoeStats
← Friki-Cat

Arabia

507723184Analyzed
1v1 RM · 13d ago on Sep 19, 2026· 52m 46s· 2 players
Game mode
Random Map
Map size
Tiny (2 player)
Population
200
Speed
Normal
Resources
Standard
Victory
Conquest
Starting age
Dark Age
Ending age
Imperial Age
RankedLock teamsTeams togetherTeam positionsShared explorationLock speedFull tech treeHidden civsTurbo modeCheats
Victory
Defeat
🇵🇪 Romans · Peru
992
+16
🇵🇾 Persians · Paraguay
996
-16
Friki-Cat
9:05 Feudal Age
9:41 Double-Bit Axe
9:59 Loom
17:40 Bloodlines
18:33 Fletching
19:40 Padded Archer Armor
26:13 Castle Age
25:37 Gold Mining
25:31 Horse Collar
29:32 Forging
29:28 Scale Barding Armor
29:45 Husbandry
39:55 Wheelbarrow
39:06 Town Watch
39:45 Ballistas
40:25 Gold Shaft Mining
41:53 Hand Cart
41:38 Town Patrol
45:09 Imperial Age
45:26 Ballistics
46:54 Conscription
45:55 Elite Centurion
47:48 Chemistry
47:40 Iron Casting
47:20 Stone Mining
47:56 Guilds
48:13 Bow Saw
51:17 Comitatenses
52:46 Chain Barding Armor
53:27 Blast Furnace
51:59 Heavy Scorpion
Raston
6:45 Loom
9:21 Feudal Age
10:14 Double-Bit Axe
14:37 Bloodlines
15:39 Forging
21:59 Castle Age
23:58 Scale Barding Armor
28:46 Horse Collar
31:23 Husbandry
38:38 Imperial Age
37:15 Fletching
37:46 Chain Barding Armor
46:27 Heavy Camel Rider
50:13 Iron Casting
51:56 Heavy Plow
Connection lost

Rejoining the realm…

Still unreachable

The connection could not be restored.

Session expired

The server has moved on; the page needs a fresh start.